 Dungeon Sprint DCSS version 0.23.0-28-g6fe0f4d (webtiles) character file.

Game seed: 4142291874505921570

249 nuthulu the Fighter (level 5, -7/53 HPs)
             Began as a Minotaur Fighter on Feb 25, 2019.
             Was an Elder of Makhleb.
             Killed by nerve-wracking pain
             ... invoked by an orc priest
              (9 damage)
             ... in the Dungeon (Sprint VII: "The Pits").
             The game lasted 00:01:04 (290 turns).

nuthulu the Fighter (Minotaur Fighter)               Turns: 290, Time: 00:01:05

Health: -7/53      AC:  9    Str: 22    XL:     5   Next: 87%
Magic:  4/4        EV:  6    Int:  5    God:    Makhleb [****..]
Gold:   0          SH: 11    Dex:  9    Spells: 4/4 levels left

rFire    . . .     SeeInvis .   a - +0 war axe
rCold    . . .     Gourm    .   c - +0 shield
rNeg     . . .     Faith    .   q - +3 chain mail
rPois    .         Spirit   .   (helmet restricted)
rElec    .         Reflect  .   (no cloak)
rCorr    .         Harm     .   (no gloves)
MR       .....     NoTele   +   (no boots)
Stlth    ..........             (no amulet)
HPRegen  0.17/turn              (no ring)
MPRegen  0.09/turn              (no ring)

@: corroded
A: retaliatory headbutt, horns 2
a: Minor Destruction, Lesser Servant of Makhleb, Major Destruction, Renounce
Religion


You were in the Dungeon.
You worshipped Makhleb.
Makhleb was greatly pleased with you.
You were not hungry.

You visited 1 branch

Inventory:

Hand Weapons
 a - a +0 war axe (weapon)
Armour
 b - a +0 scale mail
 c - a +0 shield (worn)
 q - a +3 chain mail (worn)
Scrolls
 k - a scroll of blinking
 m - 3 scrolls of remove curse
 n - 5 scrolls of amnesia
 o - a scroll of summoning
Potions
 d - a potion of might
 e - 6 potions of curing
 g - 6 potions of heal wounds
 h - a potion of haste
 i - 4 potions of magic
 j - 3 potions of berserk rage
 l - 2 potions of invisibility
Comestibles
 f - 9 rations


   Skills:
 + Level 8.2 Fighting
 + Level 7.6 Axes
 + Level 8.1 Armour
 + Level 8.2 Shields


You had 4 spell levels left.
You didn't know any spells.
Your spell library was empty.

Dungeon Overview and Level Annotations

Branches:
Dungeon (1/1)

Altars:
Ashenzari
Cheibriados
Dithmenos
Elyvilon
Fedhas
Gozag
Hepliaklqana
Kikubaaqudgha
Makhleb
Nemelex Xobeh
Okawaru
Qazlal
Ru
Sif Muna
Trog
Uskayaw
Vehumet
Wu Jian
Xom
Yredelemnul
Zin
The Shining One
Beogh
Jiyva
Lugonu


Innate Abilities, Weirdness & Mutations

You reflexively headbutt those who attack you in melee.
You have a pair of horns on your head.


Message History

The orc priest hits you with a +0 mace.
* * * LOW HITPOINT WARNING * * *
You barely miss the orc priest.
The orc priest is severely wounded.
The orc priest mumbles some strange prayers to Beogh against you.
Beogh smites you!
* * * LOW HITPOINT WARNING * * *
Your shield and chain mail prevent you from hitting the orc priest.
The orc priest is severely wounded.
You block the orc priest's attack.
Unknown command.
You closely miss the orc priest.
The orc priest is severely wounded.
The orc priest hits you but does no damage.
Unknown command.
You hit the orc priest but do no damage.
The orc priest is severely wounded.
The orc priest mumbles some strange prayers to Beogh against you.
Pain shoots through your body!
You die...

############
#_________.#
#_________.#
#_______...#######
##########'##.....
#.?(.')))'.##.....
##########.##.....
#.).........'.....
#@#####'#####.....
#o#.....#..##.....
#.#.....#))#####'#
#.###'###))##.....
#.#.....#))##.....
#.#.....#.[##.....
#.####'##'###...<.
#.#..†.....##.....
#.#..†.....##.....


You could see an orc priest.

Vanquished Creatures
  A water moccasin (D)
  A quasit (D)
  A jelly (D)
  An orc wizard (D)
  A river rat (D)
  An ufetubus (D)
  A leopard gecko (D)
  2 orcs (D)
  2 bat skeletons (D)
  2 giant cockroaches (D)
  A quokka (D)
  A bat (D)
15 creatures vanquished.

Vanquished Creatures (others)
  An orc wizard (D)
1 creature vanquished.

Grand Total: 16 creatures vanquished

Notes
Turn   | Place    | Note
-------+----------+-------------------------------------------
     0 | D        | nuthulu the Minotaur Fighter began the quest for the Orb.
     0 | D        | Reached XP level 1. HP: 19/19 MP: 0/0
    37 | D        | Found a glowing golden altar of the Shining One.
    37 | D        | Found a glowing silver altar of Zin.
    37 | D        | Found a basalt altar of Yredelemnul.
    37 | D        | Found a shimmering altar of Xom.
    37 | D        | Found an ornate altar of the Wu Jian Council.
    37 | D        | Found a bloodstained altar of Trog.
    37 | D        | Found a deep blue altar of Sif Muna.
    37 | D        | Found a sacrificial altar of Ru.
    37 | D        | Found a stormy altar of Qazlal.
    37 | D        | Found an iron altar of Okawaru.
    37 | D        | Found a sparkling altar of Nemelex Xobeh.
    37 | D        | Found a burning altar of Makhleb.
    37 | D        | Found a viscous altar of Jiyva.
    37 | D        | Found a hazy altar of Hepliaklqana.
    37 | D        | Found an opulent altar of Gozag.
    37 | D        | Found a blossoming altar of Fedhas.
    37 | D        | Found a white marble altar of Elyvilon.
    37 | D        | Found a shadowy altar of Dithmenos.
    37 | D        | Found a snail-covered altar of Cheibriados.
    38 | D        | Found a radiant altar of Vehumet.
    38 | D        | Found a corrupted altar of Lugonu.
    38 | D        | Found a roughly hewn altar of Beogh.
    39 | D        | Found a hide-covered altar of Uskayaw.
    39 | D        | Found an ancient bone altar of Kikubaaqudgha.
    39 | D        | Found a shattered altar of Ashenzari.
    45 | D        | Became a worshipper of Makhleb the Destroyer
    68 | D        | Reached * piety under Makhleb
    73 | D        | Reached XP level 2. HP: 19/28 MP: 1/1
   177 | D        | Reached ** piety under Makhleb
   181 | D        | Reached skill level 5 in Fighting
   181 | D        | Reached skill level 5 in Armour
   239 | D        | Noticed a water moccasin
   264 | D        | Killed a water moccasin
   264 | D        | Reached XP level 3. HP: 25/38 MP: 2/2
   264 | D        | Reached XP level 4. HP: 30/45 MP: 3/3
   272 | D        | Reached XP level 5. HP: 18/52 MP: 4/4
   276 | D        | Reached *** piety under Makhleb
   282 | D        | Reached **** piety under Makhleb
   287 | D        | HP: 2/53 [orc priest/divine providence (10)]
   290 | D        | Killed from afar by an orc priest

Skill      XL: |  1  2  3  4  5 |
---------------+----------------+-----
Fighting       | 4 6 7 8 |  8.2
Axes           | 3 6 7 |  7.6
Armour         | 4 6 7 8 |  8.1
Shields        | 4 6 7 8 |  8.2

Action                   |  1- 3 |  4- 6 || total
-------------------------+-------+-------++-------
Melee: War axe           |    29 |    24 ||    53
       Headbutt          |     3 |     3 ||     6
Armor: Scale mail        |    12 |       ||    12
       Chain mail        |     9 |    32 ||    41
Dodge: Dodged            |    14 |    12 ||    26
Block: Shield            |    26 |    17 ||    43
